 Dungeon Crawl Stone Soup version 0.21-b1-21-g86478ac (webtiles) character file.

20075 torrenera the Thaumaturge (level 12, -3/94 HPs)
             Began as a Gnoll Skald on Jan 4, 2018.
             Was a High Priest of Okawaru.
             Slain by a komodo dragon (19 damage)
             ... on level 4 of the Lair of Beasts.
             The game lasted 00:45:13 (17165 turns).

torrenera the Thaumaturge (Gnoll Skald)            Turns: 17165, Time: 00:45:14

Health: -3/94      AC: 16    Str: 18    XL:     12   Next: 75%
Magic:  30/34      EV: 15    Int: 18    God:    Okawaru [*****.]
Gold:   571        SH:  4    Dex: 12    Spells: 7/29 levels left

rFire    . . .     SeeInvis .   u - +5 long sword of Fortitude {slice, Str+4 Dex-3 Stlth+}
rCold    . . .     Gourm    .   O - -1 buckler "Jequclo" {rN+ MR+ rCorr Int-2}
rNeg     + . .     Faith    .   J - +2 ring mail {MR+}
rPois    .         Spirit   .   r - +0 helmet
rElec    .         Reflect  .   G - +0 cloak
rCorr    +         Harm     .   Q - +0 pair of gloves
MR       ++...                  i - +2 pair of boots
Stlth    ++++......             (no amulet)
HPRegen  0.25/turn              V - ring of magical power
MPRegen  0.24/turn              Z - ring of resist corrosion

@: no status effects
A: distributed training, fangs 1, strong nose
a: Heroism, Finesse, Renounce Religion


You were on level 4 of the Lair of Beasts.
You worshipped Okawaru.
Okawaru was extremely pleased with you.
You were not hungry.

You visited 2 branches of the dungeon, and saw 14 of its levels.

You collected 662 gold pieces.
You spent 91 gold pieces at shops.

Inventory:

Hand Weapons
 u - the +5 long sword of Fortitude (weapon) {slice, Str+4 Dex-3 Stlth+}
   (Okawaru gifted it to you on level 2 of the Lair of Beasts)

   It inflicts extra damage upon your enemies.
   It affects your strength (+4).
   It affects your dexterity (-3).
   It makes you more stealthy.
 w - a +1 short sword of electrocution
 B - a +2 vampiric rapier
 F - a +0 blowgun
Missiles
 p - 80 poisoned needles
 z - 8 needles of paralysis
 R - a javelin of returning (quivered)
Armour
 h - a +2 chain mail of cold resistance
 i - a +2 pair of boots (worn)
 r - a +0 helmet (worn)
 G - a +0 cloak (worn)
 J - a +2 ring mail of magic resistance (worn)
 O - the -1 buckler "Jequclo" (worn) {rN+ MR+ rCorr Int-2}
   (You found it on level 6 of the Dungeon)

   It affects your intelligence (-2).
   It protects you from negative energy.
   It affects your resistance to hostile enchantments.
   It protects you from acid and corrosion.
 Q - a +0 pair of gloves (worn)
Jewellery
 V - a ring of magical power (left hand)
 Z - a ring of resist corrosion (right hand)
Wands
 a - a wand of flame (16)
 v - a wand of disintegration (5)
 A - a wand of iceblast (17)
 H - a wand of scattershot (6)
 T - a wand of paralysis (25)
 W - a wand of acid (11)
Scrolls
 b - a scroll of holy word {unknown}
 g - 10 scrolls of identify
 l - a scroll of noise {unknown}
 o - a scroll of amnesia
 q - a scroll of enchant armour {unknown}
 y - a scroll of enchant weapon
 C - 3 scrolls of immolation
 I - 3 scrolls of torment {unknown}
 L - 3 scrolls of teleportation
 N - 2 scrolls of magic mapping
 X - a scroll of blinking
 Y - a scroll of silence {unknown}
Potions
 e - 3 potions of magic
 f - a potion of invisibility {unknown}
 j - 4 potions of curing
 k - 2 potions of berserk rage
 m - 7 potions of flight
 n - 3 potions of mutation
 s - 3 potions of haste
 t - 4 potions of degeneration {unknown}
 x - 4 potions of heal wounds
 D - a potion of ambrosia
 E - 2 potions of brilliance
 M - 3 potions of might
 P - 2 potions of lignification {unknown}
Books
 c - a book of Battle

   Spells                             Type                      Level
   a - Infusion                       Charms                       1
   b - Shroud of Golubria             Charms/Translocation         2
   c - Song of Slaying                Charms                       2
   d - Spectral Weapon                Hexes/Charms                 3
   e - Regeneration                   Charms/Necromancy            3
 K - Kikubaaqudgha's Guide on Unholy Rites
   (You found it on level 5 of the Dungeon)

   Spells                             Type                      Level
   a - Animate Skeleton               Necromancy                   1
 S - a book of Conjurations

   Spells                             Type                      Level
   a - Magic Dart                     Conjuration                  1
   b - Searing Ray                    Conjuration                  2
   c - Dazzling Spray                 Conjuration/Hexes            3
   d - Fulminant Prism                Conjuration/Hexes            4
   e - Force Lance                    Conjuration/Translocation    4
   f - Iskenderun's Mystic Blast      Conjuration                  4
Comestibles
 d - 39 rations
 U - a chunk of flesh


   Skills:
 + Level 8.8 Fighting
 + Level 7.4 Short Blades
 + Level 7.4 Long Blades
 + Level 7.4 Axes
 + Level 7.4 Maces & Flails
 + Level 8.8 Polearms
 + Level 7.4 Staves
 + Level 7.4 Slings
 + Level 7.4 Bows
 + Level 7.4 Crossbows
 + Level 7.4 Throwing
 + Level 7.9 Armour
 + Level 8.8 Dodging
 + Level 7.4 Stealth
 + Level 7.4 Shields
 + Level 7.4 Unarmed Combat
 + Level 9.1 Spellcasting
 + Level 6.2 Conjurations
 + Level 6.2 Hexes
 + Level 8.3 Charms
 + Level 6.2 Summonings
 + Level 6.2 Necromancy
 + Level 6.2 Translocations
 + Level 6.2 Transmutations
 + Level 6.2 Fire Magic
 + Level 6.2 Ice Magic
 + Level 6.2 Air Magic
 + Level 6.2 Earth Magic
 + Level 6.2 Poison Magic
 + Level 8.2 Invocations
 + Level 7.4 Evocations


You had 7 spell levels left.
You knew the following spells:

 Your Spells              Type           Power        Failure   Level  Hunger
a - Infusion              Chrm           ####         1%          1    None
b - Song of Slaying       Chrm           #####...     1%          2    None
c - Shroud of Golubria    Chrm/Tloc      ####......   1%          2    None
d - Regeneration          Chrm/Necr      ####......   1%          3    None
e - Spectral Weapon       Hex/Chrm       ####....     1%          3    None
f - Animate Skeleton      Necr           N/A          1%          1    None
g - Iskenderun's Mystic   Conj           ####....     11%         4    ###....
h - Searing Ray           Conj           ####..       1%          2    None
i - Force Lance           Conj/Tloc      ####....     11%         4    ###....


Dungeon Overview and Level Annotations

Branches:
Dungeon (10/15)            Temple (0/1) D:7            Lair (4/6) D:8
 Shoals (0/4) Lair:3       Spider (0/4) Lair:4
    Orc: D:9-12

Altars:
Dithmenos
Elyvilon
Fedhas
Gozag
Kikubaaqudgha
Okawaru
Sif Muna
Uskayaw
Vehumet
Wu Jian
Xom
Yredelemnul
Zin

Shops:
D:5 !   D:7 =   D:9 ?


Innate Abilities, Weirdness & Mutations

Your experience applies equally to all skills.
You have very sharp teeth.
Your uncanny sense of smell can sniff out nearby items.


Message History

The komodo dragon is heavily wounded.
The komodo dragon bites you but does no damage.
You hit the komodo dragon.
The komodo dragon is severely wounded.
You block the komodo dragon's attack.
You hit the komodo dragon.
The komodo dragon is severely wounded.
The komodo dragon bites you!!
The komodo dragon bites you but does no damage.
You hit the komodo dragon.
The komodo dragon is almost dead.
The komodo dragon misses you.
You hit the komodo dragon but do no damage.
The komodo dragon is almost dead.
The komodo dragon bites you!!
* * * LOW HITPOINT WARNING * * *
You hit the komodo dragon but do no damage.
The komodo dragon is almost dead.
The komodo dragon bites you!!
You die...

# ### .P..
###.##### ### ##..
.....#.P###.####.##
..................#
##...P####..#..#.P#
###### ######..#
###.## #...P#
###@## #l# ##. ..
..# ∆ ..# .#. ...P


You could see a komodo dragon.

Vanquished Creatures
  A hydra (Lair:1)
  3 death yaks
  Pikel (D:4)
  2 manticores
  2 black mambas
  A centaur zombie (D:9)
  Psyche (D:9)
  4 spiny frogs
  A rime drake (Lair:1)
  3 komodo dragons (Lair:2)
  3 polar bears
  A dream sheep (Lair:3)
  4 hippogriffs
  A yak (D:8)
  3 wyverns
  2 basilisks
  A hungry ghost (D:10)
  Menkaure (D:5)
  Duvessa (D:5)
  3 water moccasins
  2 orc warriors
  An eye of draining (D:9)
  Purgy (D:4)
  6 porcupines
  2 phantoms
  An ice beast (D:7)
  9 ogres
  A black bear (D:6)
  42 wolves
  2 centaurs
  7 crocodiles
  4 big kobolds
  10 bullfrogs
  Dowan (D:5)
  13 killer bees
  3 scorpions
  The ghost of Amon001 the Grasshopper, a weakling GnWr (D:3)
  8 wights
  2 vampire bats (Lair:3)
  2 electric eels (Lair:2)
  4 howler monkeys
  4 crimson imps
  2 hounds (D:5)
  Crazy Yiuf (D:4)
  A bullfrog skeleton (D:4)
  4 orc priests
  3 jellies
  7 orc wizards
  A centaur skeleton (D:8)
  Jessica (D:2)
  Terence (D:2)
  2 iguanas
  Natasha (twice) (D:3)
  4 worker ants
  2 hell rats (Lair:4)
  A hound skeleton (D:5)
  Robin (D:2)
  A howler monkey skeleton (D:5)
  8 gnolls
  8 adders
  12 river rats (Lair:4)
  An ooze (D:2)
  3 adder zombies
  4 adder skeletons
  4 worms
  5 dart slugs
  2 leopard geckos
  31 orcs
  12 bats
  2 giant cockroaches
  2 gnoll zombies (D:8)
  15 goblins
  6 hobgoblins
  7 quokkas
  2 ball pythons
  9 frilled lizards
  12 kobolds
  2 leopard gecko skeletons
  A quokka skeleton (D:4)
  26 rats
  2 plants
375 creatures vanquished.

Vanquished Creatures (others)
  A phantom (D:4)
  A kobold (D:10)
  2 plants
  13 spectral weapons
17 creatures vanquished.

Grand Total: 392 creatures vanquished

Notes
Turn   | Place    | Note
-------+----------+-------------------------------------------
     0 | D:1      | torrenera the Gnoll Skald began the quest for the Orb.
     0 | D:1      | Reached XP level 1. HP: 20/20 MP: 6/6
    94 | D:1      | Reached XP level 2. HP: 22/26 MP: 7/7
   102 | D:1      | Learned a level 2 spell: Song of Slaying
   105 | D:1      | Learned a level 2 spell: Shroud of Golubria
   492 | D:1      | Reached XP level 3. HP: 26/31 MP: 9/9
   532 | D:1      | Learned a level 3 spell: Regeneration
   536 | D:1      | Learned a level 3 spell: Spectral Weapon
   578 | D:1      | Reached skill level 5 in Spellcasting
   624 | D:1      | Reached skill level 1 in Invocations
   793 | D:2      | Noticed Robin
   814 | D:2      | Reached skill level 1 in Short Blades
   814 | D:2      | Reached skill level 1 in Long Blades
   814 | D:2      | Reached skill level 1 in Axes
   814 | D:2      | Reached skill level 1 in Maces & Flails
   814 | D:2      | Reached skill level 1 in Staves
   814 | D:2      | Reached skill level 1 in Slings
   814 | D:2      | Reached skill level 1 in Bows
   814 | D:2      | Reached skill level 1 in Crossbows
   814 | D:2      | Reached skill level 1 in Throwing
   814 | D:2      | Reached skill level 1 in Stealth
   814 | D:2      | Reached skill level 1 in Shields
   814 | D:2      | Reached skill level 1 in Unarmed Combat
   814 | D:2      | Reached skill level 1 in Evocations
   824 | D:2      | Reached XP level 4. HP: 35/38 MP: 8/11
   848 | D:2      | Killed Robin
   879 | D:2      | Noticed Jessica
   893 | D:2      | Killed Jessica
   893 | D:2      | Reached skill level 1 in Conjurations
   893 | D:2      | Reached skill level 1 in Hexes
   893 | D:2      | Reached skill level 1 in Summonings
   893 | D:2      | Reached skill level 1 in Necromancy
   893 | D:2      | Reached skill level 1 in Translocations
   893 | D:2      | Reached skill level 1 in Transmutations
   893 | D:2      | Reached skill level 1 in Fire Magic
   893 | D:2      | Reached skill level 1 in Ice Magic
   893 | D:2      | Reached skill level 1 in Air Magic
   893 | D:2      | Reached skill level 1 in Earth Magic
   893 | D:2      | Reached skill level 1 in Poison Magic
   938 | D:2      | Noticed Terence
  1010 | D:1      | Reached XP level 5. HP: 12/43 MP: 2/12
  1362 | D:2      | Killed Terence
  1772 | D:3      | Noticed Amon001's ghost (weakling GnWr)
  1789 | D:3      | Killed Amon001's ghost
  2031 | D:3      | Reached XP level 6. HP: 50/50 MP: 13/13
  2121 | D:3      | Noticed Natasha
  2129 | D:3      | Killed Natasha
  2336 | D:3      | Noticed Natasha
  2352 | D:3      | Killed Natasha
  2844 | D:3      | Reached skill level 5 in Fighting
  2844 | D:3      | Reached skill level 5 in Polearms
  2844 | D:3      | Reached skill level 5 in Dodging
  3011 | D:4      | Reached XP level 7. HP: 54/56 MP: 15/15
  3292 | D:4      | Reached XP level 8. HP: 41/63 MP: 8/16
  3463 | D:4      | Noticed Pikel
  3464 | D:4      | Noticed Purgy
  3480 | D:4      | Killed Pikel
  3480 | D:4      | Reached skill level 6 in Spellcasting
  3500 | D:4      | Killed Purgy
  3865 | D:4      | Found a runed door.
  3869 | D:4      | Noticed Crazy Yiuf
  3880 | D:4      | Killed Crazy Yiuf
  3970 | D:5      | Entered Level 5 of the Dungeon
  3976 | D:5      | Found an iron altar of Okawaru.
  4002 | D:5      | Became a worshipper of Warmaster Okawaru
  4031 | D:5      | Noticed Dowan
  4033 | D:5      | Noticed Duvessa
  4039 | D:5      | Killed Dowan
  4044 | D:5      | Killed Duvessa
  4044 | D:5      | Reached XP level 9. HP: 58/69 MP: 12/18
  4100 | D:5      | Found a radiant altar of Vehumet.
  4189 | D:5      | Found a deep blue altar of Sif Muna.
  4189 | D:5      | Found an ancient bone altar of Kikubaaqudgha.
  4193 | D:5      | Identified Kikubaaqudgha's Guide on Unholy Rites
  4270 | D:5      | Noticed Menkaure
  4275 | D:5      | Killed Menkaure
  4350 | D:5      | Reached * piety under Okawaru
  4397 | D:5      | Found Cine's Distillery.
  4397 | D:5      | Found a shadowy altar of Dithmenos.
  4411 | D:5      | Found a shimmering altar of Xom.
  4412 | D:5      | Bought a potion of might for 52 gold pieces
  4412 | D:5      | Bought a potion of curing for 39 gold pieces
  4552 | D:5      | Found a glowing silver altar of Zin.
  4865 | D:6      | Got a distressingly furry buckler
  4871 | D:6      | Identified the cursed -1 buckler "Jequclo" {rN+ MR+ rCorr Int-2} (You found it on level 6 of the Dungeon)
  4996 | D:6      | Reached skill level 5 in Armour
  5216 | D:6      | Found a blossoming altar of Fedhas.
  5445 | D:6      | Found an opulent altar of Gozag.
  5691 | D:7      | Found a staircase to the Ecumenical Temple.
  5900 | D:7      | Found Vycva's Jewellery Shoppe.
  6136 | D:7      | Found an ornate altar of the Wu Jian Council.
  6174 | D:7      | Reached skill level 5 in Invocations
  6681 | D:8      | Reached ** piety under Okawaru
  6740 | D:8      | Reached XP level 10. HP: 70/77 MP: 16/20
  6761 | D:8      | Reached skill level 7 in Spellcasting
  7145 | D:8      | Reached skill level 5 in Short Blades
  7145 | D:8      | Reached skill level 5 in Long Blades
  7145 | D:8      | Reached skill level 5 in Axes
  7145 | D:8      | Reached skill level 5 in Maces & Flails
  7145 | D:8      | Reached skill level 5 in Staves
  7145 | D:8      | Reached skill level 5 in Slings
  7145 | D:8      | Reached skill level 5 in Bows
  7145 | D:8      | Reached skill level 5 in Crossbows
  7145 | D:8      | Reached skill level 5 in Throwing
  7145 | D:8      | Reached skill level 5 in Stealth
  7145 | D:8      | Reached skill level 5 in Shields
  7145 | D:8      | Reached skill level 5 in Unarmed Combat
  7145 | D:8      | Reached skill level 5 in Evocations
  7443 | D:8      | Found a basalt altar of Yredelemnul.
  7530 | D:8      | Found a staircase to the Lair.
  7659 | D:8      | Found a hide-covered altar of Uskayaw.
  7671 | D:8      | Reached *** piety under Okawaru
  7798 | D:8      | Received a gift from Okawaru
  8353 | D:9      | Found a white marble altar of Elyvilon.
  8355 | D:9      | Found an ornate altar of the Wu Jian Council.
  8513 | D:9      | Noticed Psyche
  8524 | D:9      | Killed Psyche
  8840 | D:9      | Found Leruj's Magic Scroll Boutique.
  9407 | D:10     | Entered Level 10 of the Dungeon
  9407 | D:10     | Noticed a manticore
  9584 | D:10     | Reached XP level 11. HP: 78/84 MP: 22/22
  9793 | D:10     | Killed a manticore
  9793 | D:10     | Reached **** piety under Okawaru
 10194 | Lair:1   | Entered Level 1 of the Lair of Beasts
 10364 | Lair:1   | Noticed an eight-headed hydra
 10373 | Lair:1   | Killed an eight-headed hydra
 10373 | Lair:1   | Reached skill level 8 in Spellcasting
 10373 | Lair:1   | Reached skill level 5 in Conjurations
 10373 | Lair:1   | Reached skill level 5 in Hexes
 10373 | Lair:1   | Reached skill level 5 in Summonings
 10373 | Lair:1   | Reached skill level 5 in Necromancy
 10373 | Lair:1   | Reached skill level 5 in Translocations
 10373 | Lair:1   | Reached skill level 5 in Transmutations
 10373 | Lair:1   | Reached skill level 5 in Fire Magic
 10373 | Lair:1   | Reached skill level 5 in Ice Magic
 10373 | Lair:1   | Reached skill level 5 in Air Magic
 10373 | Lair:1   | Reached skill level 5 in Earth Magic
 10373 | Lair:1   | Reached skill level 5 in Poison Magic
 11958 | Lair:2   | Reached ***** piety under Okawaru
 12356 | Lair:2   | Got a bloodstained war axe
 12357 | Lair:2   | Identified the +3 war axe "Newt's Nightmare" {chop, *Drain Str+5} (You found it on level 2 of the Lair of Beasts)
 12457 | Lair:2   | Noticed a death yak
 12457 | Lair:2   | Noticed a death yak
 12458 | Lair:2   | Noticed a death yak
 12930 | Lair:1   | Killed a death yak
 13653 | Lair:1   | Killed a death yak
 13898 | Lair:2   | Killed a death yak
 13898 | Lair:2   | Received a gift from Okawaru
 13898 | Lair:2   | Reached XP level 12. HP: 92/93 MP: 24/24
 14145 | Lair:2   | Received a gift from Okawaru
 14180 | Lair:3   | Found a staircase to the Shoals.
 14926 | Lair:3   | Found a dark tunnel.
 15305 | Lair:2   | Received a gift from Okawaru
 15334 | Lair:2   | Got an encrusted long sword {god gift}
 15335 | Lair:2   | Identified the +5 long sword of Fortitude {slice, Str+4 Dex-3 Stlth+} (Okawaru gifted it to you on level 2 of the Lair of Beasts)
 16509 | Lair:3   | Reached skill level 9 in Spellcasting
 16543 | Lair:3   | Learned a level 1 spell: Animate Skeleton
 16548 | Lair:3   | Learned a level 4 spell: Iskenderun's Mystic Blast
 16555 | Lair:3   | Learned a level 2 spell: Searing Ray
 16706 | Lair:3   | Learned a level 4 spell: Force Lance
 16977 | Lair:4   | Received a gift from Okawaru
 17029 | Lair:4   | Found a hole to the Spider Nest.
 17165 | Lair:4   | Slain by a komodo dragon

Skill      XL: |  1  2  3  4  5  6  7  8  9 10 11 12 |
---------------+-------------------------------------+-----
Spellcasting   | 5 6 7 8 9 |  9.1
Invocations    | 1 2 3 4 5 6 7 8 |  8.2
Short Blades   | 1 2 3 4 5 6 7 |  7.4
Long Blades    | 1 2 3 4 5 6 7 |  7.4
Axes           | 1 2 3 4 5 6 7 |  7.4
Maces & Flails | 1 2 3 4 5 6 7 |  7.4
Staves         | 1 2 3 4 5 6 7 |  7.4
Slings         | 1 2 3 4 5 6 7 |  7.4
Bows           | 1 2 3 4 5 6 7 |  7.4
Crossbows      | 1 2 3 4 5 6 7 |  7.4
Throwing       | 1 2 3 4 5 6 7 |  7.4
Stealth        | 1 2 3 4 5 6 7 |  7.4
Shields        | 1 2 3 4 5 6 7 |  7.4
Unarmed Combat | 1 2 3 4 5 6 7 |  7.4
Evocations     | 1 2 3 4 5 6 7 |  7.4
Conjurations   | 1 2 3 4 5 6 |  6.2
Hexes          | 1 2 3 4 5 6 |  6.2
Summonings     | 1 2 3 4 5 6 |  6.2
Necromancy     | 1 2 3 4 5 6 |  6.2
Translocations | 1 2 3 4 5 6 |  6.2
Transmutations | 1 2 3 4 5 6 |  6.2
Fire Magic     | 1 2 3 4 5 6 |  6.2
Ice Magic      | 1 2 3 4 5 6 |  6.2
Air Magic      | 1 2 3 4 5 6 |  6.2
Earth Magic    | 1 2 3 4 5 6 |  6.2
Poison Magic   | 1 2 3 4 5 6 |  6.2
Armour         | 3 4 5 6 7 |  7.9
Fighting       | 5 6 7 8 |  8.8
Polearms       | 5 6 7 8 |  8.8
Dodging        | 5 6 7 8 |  8.8
Charms         | 6 7 8 |  8.3

Action                   |  1- 3 |  4- 6 |  7- 9 | 10-12 || total
-------------------------+-------+-------+-------+-------++-------
Melee: Spear             |   118 |    78 |       |       ||   196
       Bite              |    13 |    12 |    36 |   115 ||   176
       Trident           |       |   126 |   138 |       ||   264
       Punch             |       |     1 |     3 |       ||     4
       Whip              |       |       |   297 |   121 ||   418
       Short sword       |       |       |       |   492 ||   492
       War axe           |       |       |       |    30 ||    30
       Long sword        |       |       |       |   181 ||   181
Throw: Javelin           |       |       |       |    16 ||    16
 Cast: Shroud of Golubri |     3 |     8 |    12 |    33 ||    56
       Spectral Weapon   |     3 |     6 |     5 |    32 ||    46
       Infusion          |       |     5 |     3 |     9 ||    17
       Song of Slaying   |       |     3 |     3 |     8 ||    14
       Regeneration      |       |       |    10 |    35 ||    45
       Iskenderun's Myst |       |       |       |     9 ||     9
       Searing Ray       |       |       |       |     4 ||     4
Invok: Heroism           |       |       |       |     1 ||     1
Evoke: Wand              |       |       |       |    18 ||    18
  Use: Scroll            |       |       |    14 |     7 ||    21
 Stab: Sleeping          |       |     4 |     8 |     4 ||    16
       Distracted        |       |       |     2 |     2 ||     4
  Eat: Chunk             |       |     8 |    13 |    30 ||    51
       Ration            |       |       |       |     3 ||     3
Armor: Leather armour    |    21 |    49 |    50 |       ||   120
       Ring mail         |       |       |   114 |   367 ||   481
Dodge: Dodged            |    84 |   129 |   314 |   646 ||  1173
Block: Buckler           |       |       |    42 |   211 ||   253
       Rpst.: Long sword |       |       |       |    73 ||    73
